Arizona Coyotes vs Philadelphia Flyers
Created - Thursday, May 4, 2023 at 07:05
Goals
|
| Arizona Coyotes |
0 |
0 |
1 |
1 |
| Philadelphia Flyers |
1 |
1 |
0 |
2 |
|
Shots
|
| Arizona Coyotes |
12 |
5 |
11 |
28 |
| Philadelphia Flyers |
16 |
7 |
10 |
33 |
|
1st period
1. Philadelphia Flyers , Evan Rodrigues 9 (Alexander Edler 8, Evgenii Dadonov 9) at 19:26
Penalties :
Matt Roy (PHI) for Hooking (Minor) at 4:38, Jani Hakanpaa (AZC) for Tripping (Minor) at 10:56
2nd period
2. Philadelphia Flyers , Tyler Bertuzzi 24 (Marcus Johansson 11, Justin Faulk 17) at 9:38
Penalties :
Jani Hakanpaa (AZC) for Roughing (Minor) at 4:45, Tanner Jeannot (AZC) for Hooking (Minor) at 6:58, Charlie Coyle (AZC) for Interference (Minor) at 18:13
3rd period
3. Arizona Coyotes , James van Riemsdyk 10 (Erik Haula 7) at 6:52
Penalties :
Oliver Ekman-Larsson (PHI) for Holding (Minor) at 8:44
Goalie Stats
Kaapo Kahkonen (AZC), 31 saves from 33 shots - (0.939), L, 14-7-4, 59:07 minutes
Linus Ullmark (PHI), 27 saves from 28 shots - (0.964), W, 14-10-4, 60:00 minutes
Players Stats for Arizona Coyotes
Player Name G A P +/- PIM S H SB GA TA FO MP PP MP PK MP
------------------------------------------------------------------------------------
Brandon Tanev 0 0 0 0 0 1 0 0 0 1 0/0 9:05 0:00 0:00
Brayden McNabb 0 0 0 -1 0 0 2 1 0 2 0/0 25:55 2:19 4:16
Charlie Coyle 0 0 0 0 2 2 1 1 0 0 0/2 19:35 2:02 2:14
Claude Giroux 0 0 0 0 0 0 2 1 0 1 17/32 21:23 2:02 4:03
David Krejci 0 0 0 -1 0 2 3 0 2 0 5/8 16:57 1:56 2:52
Dmitry Orlov 0 0 0 1 0 0 1 1 0 0 0/0 20:55 2:19 3:43
Erik Haula 0 1 1 0 0 2 0 0 1 0 3/8 13:25 0:00 1:39
Ilya Mikheyev 0 0 0 0 0 3 0 1 0 0 0/0 12:33 0:00 0:47
James van Riemsdyk 1 0 1 0 0 3 1 0 1 0 1/1 11:45 0:00 0:00
Jani Hakanpaa 0 0 0 -2 4 2 0 2 1 0 0/0 18:36 0:00 0:00
Jared Spurgeon 0 0 0 0 0 1 0 0 0 2 0/0 20:28 1:39 4:13
Mathew Dumba 0 0 0 1 0 1 3 2 0 0 0/0 17:56 1:39 3:30
Mats Zuccarello 0 0 0 0 0 8 0 0 2 0 0/0 21:24 2:02 4:04
Ondrej Palat 0 0 0 -1 0 0 1 0 1 0 0/0 13:51 1:56 0:00
Radko Gudas 0 0 0 -1 0 2 1 0 0 2 0/0 15:57 0:00 0:10
Ross Colton 0 0 0 0 0 0 0 0 0 0 2/3 9:05 0:00 0:00
Tanner Jeannot 0 0 0 0 2 1 0 0 1 0 0/0 9:06 0:00 0:00
Tyler Seguin 0 0 0 -1 0 0 3 0 1 1 1/1 14:04 1:56 0:13
Players Stats for Philadelphia Flyers
Player Name G A P +/- PIM S H SB GA TA FO MP PP MP PK MP
------------------------------------------------------------------------------------
Alexander Barabanov 0 0 0 0 0 1 0 0 2 1 0/0 13:41 0:36 0:24
Alexander Edler 0 1 1 2 0 1 3 0 0 0 0/0 20:06 3:49 2:01
Ben Chiarot 0 0 0 0 0 1 3 0 0 1 0/0 18:46 0:00 1:54
Calle Jarnkrok 0 0 0 0 0 2 1 0 0 0 3/5 11:19 0:00 1:27
Calvin de Haan 0 0 0 1 0 0 0 1 0 1 0/0 14:38 0:00 0:26
Carter Verhaeghe 0 0 0 0 0 2 0 0 1 0 0/0 17:01 3:36 0:00
Elias Lindholm 0 0 0 0 0 2 1 1 0 0 8/19 18:46 3:23 1:27
Evan Rodrigues 1 0 1 0 0 2 2 0 0 0 0/0 13:27 3:37 0:00
Evgenii Dadonov 0 1 1 1 0 1 1 1 1 0 0/0 11:18 0:43 0:00
Justin Faulk 0 1 1 1 0 4 3 2 1 3 0/0 22:50 4:00 1:34
Marcus Johansson 0 1 1 1 0 5 0 0 2 0 2/2 12:16 0:52 0:18
Matt Boldy 0 0 0 0 0 2 1 0 0 0 0/0 17:04 3:37 0:00
Matt Roy 0 0 0 -1 2 0 2 0 0 1 0/0 22:13 3:56 1:02
Oliver Ekman-Larsson 0 0 0 -1 2 0 2 0 0 1 0/0 21:56 4:07 0:59
Riley Sheahan 0 0 0 0 0 2 0 0 0 1 1/2 13:09 0:00 2:07
Tyler Bertuzzi 1 0 1 1 0 5 1 0 1 0 0/1 17:24 3:43 0:00
Tyler Johnson 0 0 0 0 0 1 1 1 0 0 2/2 10:04 0:00 0:00
Yanni Gourde 0 0 0 0 0 2 1 0 1 1 10/24 20:02 3:41 2:13
3 Stars
1 - Linus Ullmark (PHI)
2 - Tyler Bertuzzi (PHI)
3 - Alexander Edler (PHI)
Power Play
Arizona Coyotes - 0 on 2 Attempt(s) - 0.00%
Philadelphia Flyers - 0 on 4 Attempt(s) - 0.00%
Penalty Kill
Arizona Coyotes - 4 on 4 Attempt(s) - 100.00%
- Score 0 goal in Penalty Kill
Philadelphia Flyers - 2 on 2 Attempt(s) - 100.00%
- Score 0 goal in Penalty Kill
Team Stat
Arizona Coyotes - Hits : 18 - Faceoff Wins : 29 - Blocked Shots : 9 - Penalty Minutes : 8
Philadelphia Flyers - Hits : 22 - Faceoff Wins : 26 - Blocked Shots : 6 - Penalty Minutes : 4
Official
Referees : Tom Kowal and Ian Walsh
Linesman : Mike Cvik and Pierre Racicot
Game Notes
No Game Note
Finance
Level 1 -- Attendance: 5776 (96.27%) -- Ticket Income $548,720
Level 2 -- Attendance: 5000 (100.00%) -- Ticket Income $280,000
Level 3 -- Attendance: 2522 (84.07%) -- Ticket Income $90,792
Level 4 -- Attendance: 5000 (100.00%) -- Ticket Income $100,000
Luxury Box -- Attendance: 885 (88.50%) -- Ticket Income $172,575
Game was played at the Wells Fargo Center.
Total Attendance: 19183 (95.92%)
Total Ticket Income: $1,192,087
Other Income: $417,230
Total Income: $1,609,317
Arizona Coyotes
5 vs 5 Forward
Center Left Wing Right Wing Time % Phy DF OF
1 Claude Giroux Mats Zuccarello Charlie Coyle 40 0 1 4
2 David Krejci Ondrej Palat Tyler Seguin 30 0 1 4
3 Erik Haula Ilya Mikheyev James van Riemsdyk 20 0 2 3
4 Ross Colton Tanner Jeannot Brandon Tanev 10 1 2 2
5 vs 5 Defense
Defense Defense Time % Phy DF OF
1 Jani Hakanpaa Brayden McNabb 40 0 2 3
2 Radko Gudas Jared Spurgeon 32 0 2 3
3 Dmitry Orlov Mathew Dumba 28 1 3 1
4 Dmitry Orlov Brayden McNabb 0 1 2 2
PowerPlay Forward
Center Left Wing Right Wing Time % Phy DF OF
1 Claude Giroux Mats Zuccarello Charlie Coyle 55 0 1 4
2 David Krejci Ondrej Palat Tyler Seguin 45 0 1 4
PowerPlay Defense
Defense Defense Time % Phy DF OF
1 Dmitry Orlov Brayden McNabb 60 0 2 3
2 Mathew Dumba Jared Spurgeon 40 0 2 3
Penalty Kill 4 Players Forward
Center Wing Time % Phy DF OF
1 Claude Giroux Mats Zuccarello 55 1 3 1
2 Charlie Coyle David Krejci 45 1 3 1
Penalty Kill 4 Players Defense
Defense Defense Time % Phy DF OF
1 Dmitry Orlov Brayden McNabb 55 1 3 1
2 Mathew Dumba Jared Spurgeon 45 1 3 1
Penalty Kill - 3 Players Forward
Forward Time % Phy DF OF
1 Claude Giroux 50 1 3 1
2 Mats Zuccarello 50 1 3 1
Penalty Kill - 3 Players Defense
Defense Defense Time % Phy DF OF
1 Jani Hakanpaa Radko Gudas 50 1 4 0
2 Mathew Dumba Jared Spurgeon 50 1 3 1
4 vs 4 Forward
Center Wing Time % Phy DF OF
1 Claude Giroux Mats Zuccarello 60 1 2 2
2 Charlie Coyle David Krejci 40 1 2 2
4 vs 4 Defense
Defense Defense Time % Phy DF OF
1 Dmitry Orlov Brayden McNabb 60 1 2 2
2 Mathew Dumba Jared Spurgeon 40 1 2 2
Last Minutes Offensive
Center Left Wing Right Wing Defense Defense
Claude Giroux Mats Zuccarello Charlie Coyle Dmitry Orlov Brayden McNabb
Last Minutes Defensive
Center Left Wing Right Wing Defense Defense
Claude Giroux Mats Zuccarello Charlie Coyle Dmitry Orlov Brayden McNabb
Goaltenders
Starting : Kaapo Kahkonen
Backup : Elvis Merzlikins
Extra Forwards
Normal : Ilya Mikheyev, James van Riemsdyk, Erik Haula - PP : Ilya Mikheyev, James van Riemsdyk - PK : Erik Haula
Extra Defensemen
Normal : Radko Gudas, Jani Hakanpaa, Mathew Dumba - PP : Radko Gudas - PK : Jani Hakanpaa, Mathew Dumba
Penalty Shots
Claude Giroux, Mats Zuccarello, Charlie Coyle, David Krejci, Ondrej Palat
Philadelphia Flyers
5 vs 5 Forward
Center Left Wing Right Wing Time % Phy DF OF
1 Elias Lindholm Tyler Bertuzzi Alexander Barabanov 30 0 3 2
2 Yanni Gourde Carter Verhaeghe Matt Boldy 30 0 3 2
3 Calle Jarnkrok Evan Rodrigues Evgenii Dadonov 20 0 3 2
4 Riley Sheahan Marcus Johansson Tyler Johnson 20 0 3 2
5 vs 5 Defense
Defense Defense Time % Phy DF OF
1 Justin Faulk Ben Chiarot 35 0 3 2
2 Oliver Ekman-Larsson Matt Roy 35 0 3 2
3 Alexander Edler Calvin de Haan 30 0 3 2
4 Justin Faulk Ben Chiarot 0 0 3 2
PowerPlay Forward
Center Left Wing Right Wing Time % Phy DF OF
1 Elias Lindholm Tyler Bertuzzi Carter Verhaeghe 55 0 1 4
2 Yanni Gourde Evan Rodrigues Matt Boldy 45 0 1 4
PowerPlay Defense
Defense Defense Time % Phy DF OF
1 Justin Faulk Oliver Ekman-Larsson 55 0 1 4
2 Alexander Edler Matt Roy 45 0 1 4
Penalty Kill 4 Players Forward
Center Wing Time % Phy DF OF
1 Yanni Gourde Riley Sheahan 55 0 4 1
2 Elias Lindholm Calle Jarnkrok 45 0 4 1
Penalty Kill 4 Players Defense
Defense Defense Time % Phy DF OF
1 Justin Faulk Ben Chiarot 50 0 4 1
2 Oliver Ekman-Larsson Matt Roy 50 0 4 1
Penalty Kill - 3 Players Forward
Forward Time % Phy DF OF
1 Yanni Gourde 50 0 5 0
2 Riley Sheahan 50 0 5 0
Penalty Kill - 3 Players Defense
Defense Defense Time % Phy DF OF
1 Justin Faulk Ben Chiarot 50 0 5 0
2 Oliver Ekman-Larsson Matt Roy 50 0 5 0
4 vs 4 Forward
Center Wing Time % Phy DF OF
1 Elias Lindholm Tyler Bertuzzi 50 0 3 2
2 Yanni Gourde Carter Verhaeghe 50 0 3 2
4 vs 4 Defense
Defense Defense Time % Phy DF OF
1 Justin Faulk Ben Chiarot 50 0 3 2
2 Oliver Ekman-Larsson Matt Roy 50 0 3 2
Last Minutes Offensive
Center Left Wing Right Wing Defense Defense
Elias Lindholm Tyler Bertuzzi Carter Verhaeghe Justin Faulk Oliver Ekman-Larsson
Last Minutes Defensive
Center Left Wing Right Wing Defense Defense
Elias Lindholm Riley Sheahan Yanni Gourde Ben Chiarot Matt Roy
Goaltenders
Starting : Linus Ullmark
Backup : Mackenzie Blackwood
Extra Forwards
Normal : Matt Boldy, Elias Lindholm, Yanni Gourde - PP : Matt Boldy, Elias Lindholm - PK : Elias Lindholm
Extra Defensemen
Normal : Justin Faulk, Oliver Ekman-Larsson, Alexander Edler - PP : Justin Faulk - PK : Ben Chiarot, Alexander Edler
Penalty Shots
Elias Lindholm, Tyler Bertuzzi, Matt Boldy, Carter Verhaeghe, Yanni Gourde
% Time on Ice - Arizona Coyotes
Lines # - Real PCT - Wanted PCT - Time Play
Normal Forward
1 - 30% - 40% - 14:20
2 - 25% - 30% - 11:57
3 - 25% - 20% - 11:45
4 - 19% - 10% - 9:05
Normal Defense
1 - 40% - 40% - 18:49
2 - 31% - 32% - 14:32
3 - 27% - 28% - 12:30
4 - 3% - 0% - 1:16
PP Forward
1 - 51% - 55% - 2:02
2 - 49% - 45% - 1:56
PP Defense
1 - 58% - 60% - 2:19
2 - 42% - 40% - 1:39
PK Forward
1 - 61% - 55% - 4:51
2 - 39% - 45% - 3:05
PK Defense
1 - 56% - 55% - 4:26
2 - 44% - 45% - 3:30
PK3 Forward
1 - 0% - 50%
2 - 0% - 50%
PK3 Defense
1 - 0% - 50%
2 - 0% - 50%
44 Forward
1 - 0% - 60%
2 - 0% - 40%
44 Defense
1 - 0% - 60%
2 - 0% - 40%
Last Minute Offensive - 0:59
Last Minute Defensive - 0:00
Total
Forward - 60:00
Defense - 60:00
|
% Time on Ice - Philadelphia Flyers
Lines # - Real PCT - Wanted PCT - Time Play
Normal Forward
1 - 29% - 30% - 13:49
2 - 28% - 30% - 13:25
3 - 21% - 20% - 9:50
4 - 21% - 20% - 10:04
Normal Defense
1 - 35% - 35% - 16:40
2 - 35% - 35% - 16:24
3 - 30% - 30% - 14:04
4 - 0% - 0% - 0:00
PP Forward
1 - 52% - 55% - 4:09
2 - 48% - 45% - 3:47
PP Defense
1 - 55% - 55% - 4:22
2 - 45% - 45% - 3:34
PK Forward
1 - 63% - 55% - 2:31
2 - 37% - 45% - 1:27
PK Defense
1 - 38% - 50% - 1:31
2 - 62% - 50% - 2:27
PK3 Forward
1 - 0% - 50%
2 - 0% - 50%
PK3 Defense
1 - 0% - 50%
2 - 0% - 50%
44 Forward
1 - 0% - 50%
2 - 0% - 50%
44 Defense
1 - 0% - 50%
2 - 0% - 50%
Last Minute Offensive - 0:00
Last Minute Defensive - 0:58
Total
Forward - 60:00
Defense - 60:00
|
Play-by-Play
1st period
0:01 of 1st period - Elias Lindholm wins face-off versus Claude Giroux in neutral zone.
1:18 of 1st period - Snap shot by Mats Zuccarello.
1:18 of 1st period - Shot Misses the Net.
1:20 of 1st period - Snap shot by Jared Spurgeon.
1:20 of 1st period - Deflect By Mats Zuccarello.
1:20 of 1st period - Stopped by Linus Ullmark with a rebound.
1:22 of 1st period - Wrist shot by Charlie Coyle.
1:22 of 1st period - Stopped by Linus Ullmark with a rebound.
1:32 of 1st period - Snap shot by Marcus Johansson.
1:32 of 1st period - Stopped by Kaapo Kahkonen without a rebound.
1:33 of 1st period - Ross Colton wins face-off versus Tyler Bertuzzi in Arizona Coyotes zone.
1:58 of 1st period - Mathew Dumba is hit by Alexander Edler and loses puck.
2:23 of 1st period - Snap shot by Mats Zuccarello.
2:23 of 1st period - Shot Misses the Net.
2:25 of 1st period - Slapshot by Radko Gudas.
2:25 of 1st period - Stopped by Linus Ullmark with a rebound.
2:27 of 1st period - Slapshot by Radko Gudas.
2:27 of 1st period - Shot Misses the Net.
2:29 of 1st period - Wrist shot by Jared Spurgeon.
2:29 of 1st period - Stopped by Linus Ullmark with a rebound.
3:06 of 1st period - Slapshot by Justin Faulk.
3:06 of 1st period - Shot Misses the Net.
3:08 of 1st period - Slapshot by Ben Chiarot.
3:08 of 1st period - Shot Misses the Net.
3:10 of 1st period - Snap shot by Riley Sheahan.
3:10 of 1st period - Shot Misses the Net.
3:12 of 1st period - Wrist shot by Ben Chiarot.
3:12 of 1st period - Shot Blocked by Jani Hakanpaa.
3:14 of 1st period - Snap shot by Marcus Johansson.
3:14 of 1st period - Deflect By Riley Sheahan.
3:14 of 1st period - Stopped by Kaapo Kahkonen with a rebound.
3:22 of 1st period - Slapshot by Marcus Johansson.
3:22 of 1st period - Stopped by Kaapo Kahkonen with a rebound.
3:24 of 1st period - Backhand shot by Justin Faulk.
3:24 of 1st period - Stopped by Kaapo Kahkonen without a rebound.
3:25 of 1st period - Claude Giroux wins face-off versus Yanni Gourde in Arizona Coyotes zone.
3:32 of 1st period - Snap shot by Mats Zuccarello.
3:32 of 1st period - Stopped by Linus Ullmark without a rebound.
3:33 of 1st period - Claude Giroux wins face-off versus Yanni Gourde in Philadelphia Flyers zone.
3:48 of 1st period - Wrist shot by Claude Giroux.
3:48 of 1st period - Shot Misses the Net.
3:50 of 1st period - Slapshot by Mathew Dumba.
3:50 of 1st period - Stopped by Linus Ullmark without a rebound.
3:51 of 1st period - Erik Haula wins face-off versus Elias Lindholm in Philadelphia Flyers zone.
3:54 of 1st period - Snap shot by James van Riemsdyk.
3:54 of 1st period - Stopped by Linus Ullmark without a rebound.
3:55 of 1st period - James van Riemsdyk wins face-off versus Elias Lindholm in Philadelphia Flyers zone.
3:56 of 1st period - Wrist shot by Ilya Mikheyev.
3:56 of 1st period - Stopped by Linus Ullmark without a rebound.
3:57 of 1st period - Erik Haula wins face-off versus Elias Lindholm in Philadelphia Flyers zone.
4:24 of 1st period - Snap shot by Mats Zuccarello.
4:24 of 1st period - Shot Misses the Net.
4:38 of 1st period - Minor Penalty to Matt Roy for Hooking.
4:39 of 1st period - Claude Giroux wins face-off versus Yanni Gourde in Philadelphia Flyers zone.
5:18 of 1st period - Ben Chiarot is hit by Ondrej Palat and loses puck.
6:38 of 1st period - Penalty to Matt Roy is over, Matt Roy is back on ice.
7:27 of 1st period - Off-side.
7:28 of 1st period - Marcus Johansson wins face-off versus Erik Haula in neutral zone.
7:59 of 1st period - Snap shot by Yanni Gourde.
7:59 of 1st period - Deflect By Matt Boldy.
7:59 of 1st period - Shot Misses the Net.
7:59 of 1st period - Puck is out of play.
8:00 of 1st period - Claude Giroux wins face-off versus Elias Lindholm in Arizona Coyotes zone.
8:05 of 1st period - Slapshot by Tyler Bertuzzi.
8:05 of 1st period - Stopped by Kaapo Kahkonen with a rebound.
8:07 of 1st period - Slapshot by Justin Faulk.
8:07 of 1st period - Stopped by Kaapo Kahkonen without a rebound.
8:08 of 1st period - Elias Lindholm wins face-off versus Claude Giroux in Arizona Coyotes zone.
8:09 of 1st period - Wrist shot by Tyler Bertuzzi.
8:09 of 1st period - Shot Blocked by Mathew Dumba.
8:11 of 1st period - Slapshot by Alexander Barabanov.
8:11 of 1st period - Stopped by Kaapo Kahkonen with a rebound.
8:13 of 1st period - Wrist shot by Justin Faulk.
8:13 of 1st period - Stopped by Kaapo Kahkonen with a rebound.
8:35 of 1st period - Mathew Dumba is hit by Justin Faulk and loses puck.
8:47 of 1st period - Icing by Dmitry Orlov.
8:48 of 1st period - Calle Jarnkrok wins face-off versus Ross Colton in Arizona Coyotes zone.
9:13 of 1st period - Dmitry Orlov is hit by Oliver Ekman-Larsson and loses puck.
9:26 of 1st period - Snap shot by Marcus Johansson.
9:26 of 1st period - Shot Blocked by Dmitry Orlov.
9:46 of 1st period - Snap shot by Carter Verhaeghe.
9:46 of 1st period - Shot Blocked by Mathew Dumba.
9:54 of 1st period - Dmitry Orlov is hit by Justin Faulk.
10:08 of 1st period - Wrist shot by Ross Colton.
10:08 of 1st period - Shot Misses the Net.
10:49 of 1st period - Snap shot by Carter Verhaeghe.
10:49 of 1st period - Deflect By Ondrej Palat.
10:49 of 1st period - Stopped by Kaapo Kahkonen without a rebound.
10:50 of 1st period - Yanni Gourde wins face-off versus David Krejci in Arizona Coyotes zone.
10:53 of 1st period - Slapshot by Yanni Gourde.
10:53 of 1st period - Stopped by Kaapo Kahkonen without a rebound.
10:54 of 1st period - David Krejci wins face-off versus Yanni Gourde in Arizona Coyotes zone.
10:56 of 1st period - Minor Penalty to Jani Hakanpaa for Tripping.
10:57 of 1st period - Elias Lindholm wins face-off versus Claude Giroux in Arizona Coyotes zone.
12:56 of 1st period - Penalty to Jani Hakanpaa is over, Jani Hakanpaa is back on ice.
12:59 of 1st period - Snap shot by Brandon Tanev.
12:59 of 1st period - Deflect By Oliver Ekman-Larsson.
12:59 of 1st period - Stopped by Linus Ullmark without a rebound.
13:00 of 1st period - Ross Colton wins face-off versus Riley Sheahan in Philadelphia Flyers zone.
13:13 of 1st period - Snap shot by Tanner Jeannot.
13:13 of 1st period - Stopped by Linus Ullmark with a rebound.
14:09 of 1st period - Off-side.
14:10 of 1st period - Claude Giroux wins face-off versus Elias Lindholm in neutral zone.
15:25 of 1st period - Off-side.
15:26 of 1st period - Yanni Gourde wins face-off versus Claude Giroux in neutral zone.
16:24 of 1st period - Matt Roy is hit by Mathew Dumba and loses puck.
16:42 of 1st period - Elias Lindholm is hit by James van Riemsdyk and loses puck.
17:02 of 1st period - Snap shot by Yanni Gourde.
17:02 of 1st period - Shot Misses the Net.
17:40 of 1st period - Tanner Jeannot is hit by Ben Chiarot.
18:04 of 1st period - Slapshot by Erik Haula.
18:04 of 1st period - Stopped by Linus Ullmark without a rebound.
18:05 of 1st period - Erik Haula wins face-off versus Yanni Gourde in Philadelphia Flyers zone.
18:14 of 1st period - Wrist shot by Yanni Gourde.
18:14 of 1st period - Shot Misses the Net.
18:16 of 1st period - Slapshot by Carter Verhaeghe.
18:16 of 1st period - Shot Blocked by Ilya Mikheyev.
18:18 of 1st period - Slapshot by Ben Chiarot.
18:18 of 1st period - Deflect By Matt Boldy.
18:18 of 1st period - Stopped by Kaapo Kahkonen with a rebound.
18:20 of 1st period - Wrist shot by Matt Boldy.
18:20 of 1st period - Stopped by Kaapo Kahkonen with a rebound.
18:22 of 1st period - Slapshot by Ben Chiarot.
18:22 of 1st period - Stopped by Kaapo Kahkonen without a rebound.
18:23 of 1st period - Calle Jarnkrok wins face-off versus Claude Giroux in Arizona Coyotes zone.
18:39 of 1st period - Backhand shot by Calle Jarnkrok.
18:39 of 1st period - Stopped by Kaapo Kahkonen with a rebound.
18:57 of 1st period - James van Riemsdyk is hit by Calle Jarnkrok and loses puck.
19:20 of 1st period - Wrist shot by Evgenii Dadonov.
19:20 of 1st period - Stopped by Kaapo Kahkonen with a rebound.
19:22 of 1st period - Slapshot by Alexander Edler.
19:22 of 1st period - Shot Blocked by Brayden McNabb.
19:26 of 1st period - Wrist shot by Evan Rodrigues.
19:26 of 1st period - Deflect By Erik Haula.
19:26 of 1st period - Goal by Evan Rodrigues - Arizona Coyotes : 0 - Philadelphia Flyers : 1.
19:27 of 1st period - Claude Giroux wins face-off versus Yanni Gourde in neutral zone.
19:38 of 1st period - Slapshot by Claude Giroux.
19:38 of 1st period - Shot Misses the Net.
19:40 of 1st period - Slapshot by Radko Gudas.
19:40 of 1st period - Stopped by Linus Ullmark without a rebound.
19:41 of 1st period - Elias Lindholm wins face-off versus Charlie Coyle in Philadelphia Flyers zone.
19:41 of 1st period - Elias Lindholm is hit by Claude Giroux.
Goals for this period are 0 for Arizona Coyotes vs 1 for Philadelphia Flyers.
Shots for this period are 12 for Arizona Coyotes vs 16 for Philadelphia Flyers.
2nd period
0:01 of 2nd period - Yanni Gourde wins face-off versus Claude Giroux in neutral zone.
0:12 of 2nd period - Snap shot by Carter Verhaeghe.
0:12 of 2nd period - Deflect By Yanni Gourde.
0:12 of 2nd period - Shot Blocked by Claude Giroux.
0:12 of 2nd period - Puck is out of play.
0:13 of 2nd period - Claude Giroux wins face-off versus Yanni Gourde in Arizona Coyotes zone.
0:40 of 2nd period - Matt Roy is hit by Tyler Seguin and loses puck.
1:44 of 2nd period - Charlie Coyle is hit by Justin Faulk and loses puck.
3:13 of 2nd period - Slapshot by Evan Rodrigues.
3:13 of 2nd period - Shot Misses the Net.
3:32 of 2nd period - Slapshot by Tyler Bertuzzi.
3:32 of 2nd period - Stopped by Kaapo Kahkonen without a rebound.
3:33 of 2nd period - David Krejci wins face-off versus Elias Lindholm in Arizona Coyotes zone.
3:40 of 2nd period - Alexander Edler is hit by Tyler Seguin and loses puck.
3:57 of 2nd period - Alexander Barabanov is hit by David Krejci and loses puck.
4:02 of 2nd period - Wrist shot by Tyler Seguin.
4:02 of 2nd period - Shot Misses the Net.
4:45 of 2nd period - Minor Penalty to Jani Hakanpaa for Roughing.
4:46 of 2nd period - Yanni Gourde wins face-off versus Claude Giroux in Arizona Coyotes zone.
5:05 of 2nd period - Jared Spurgeon is hit by Yanni Gourde and loses puck.
6:45 of 2nd period - Penalty to Jani Hakanpaa is over, Jani Hakanpaa is back on ice.
6:58 of 2nd period - Minor Penalty to Tanner Jeannot for Hooking.
6:59 of 2nd period - Claude Giroux wins face-off versus Yanni Gourde in Arizona Coyotes zone.
8:39 of 2nd period - Ilya Mikheyev is hit by Evgenii Dadonov.
8:58 of 2nd period - Penalty to Tanner Jeannot is over, Tanner Jeannot is back on ice.
9:14 of 2nd period - Icing by Justin Faulk.
9:15 of 2nd period - Marcus Johansson wins face-off versus Erik Haula in Philadelphia Flyers zone.
9:36 of 2nd period - Snap shot by Marcus Johansson.
9:36 of 2nd period - Stopped by Kaapo Kahkonen with a rebound.
9:38 of 2nd period - Snap shot by Tyler Bertuzzi.
9:38 of 2nd period - Goal by Tyler Bertuzzi - Arizona Coyotes : 0 - Philadelphia Flyers : 2.
9:39 of 2nd period - Yanni Gourde wins face-off versus Charlie Coyle in neutral zone.
10:27 of 2nd period - Radko Gudas is hit by Evan Rodrigues.
11:11 of 2nd period - Wrist shot by Tyler Bertuzzi.
11:11 of 2nd period - Shot Misses the Net.
11:13 of 2nd period - Slapshot by Elias Lindholm.
11:13 of 2nd period - Stopped by Kaapo Kahkonen with a rebound.
11:25 of 2nd period - Brayden McNabb is hit by Evan Rodrigues.
11:31 of 2nd period - Snap shot by Calle Jarnkrok.
11:31 of 2nd period - Shot Blocked by Jani Hakanpaa.
12:44 of 2nd period - Off-side.
12:45 of 2nd period - David Krejci wins face-off versus Yanni Gourde in neutral zone.
13:12 of 2nd period - Wrist shot by Erik Haula.
13:12 of 2nd period - Stopped by Linus Ullmark with a rebound.
13:18 of 2nd period - Carter Verhaeghe is hit by Mathew Dumba and loses puck.
13:33 of 2nd period - Riley Sheahan is hit by Claude Giroux and loses puck.
14:04 of 2nd period - Snap shot by David Krejci.
14:04 of 2nd period - Stopped by Linus Ullmark without a rebound.
14:05 of 2nd period - Claude Giroux wins face-off versus Calle Jarnkrok in Philadelphia Flyers zone.
14:06 of 2nd period - Wrist shot by Mats Zuccarello.
14:06 of 2nd period - Stopped by Linus Ullmark with a rebound.
14:14 of 2nd period - Slapshot by Oliver Ekman-Larsson.
14:14 of 2nd period - Shot Misses the Net.
15:26 of 2nd period - Snap shot by Tanner Jeannot.
15:26 of 2nd period - Shot Blocked by Elias Lindholm.
15:28 of 2nd period - Slapshot by Jani Hakanpaa.
15:28 of 2nd period - Deflect By Tyler Bertuzzi.
15:28 of 2nd period - Stopped by Linus Ullmark with a rebound.
15:42 of 2nd period - Snap shot by David Krejci.
15:42 of 2nd period - Stopped by Linus Ullmark with a rebound.
15:50 of 2nd period - Wrist shot by Tyler Bertuzzi.
15:50 of 2nd period - Shot Misses the Net.
15:58 of 2nd period - Wrist shot by Elias Lindholm.
15:58 of 2nd period - Stopped by Kaapo Kahkonen with a rebound.
16:00 of 2nd period - Wrist shot by Tyler Bertuzzi.
16:00 of 2nd period - Stopped by Kaapo Kahkonen with a rebound.
16:02 of 2nd period - Snap shot by Justin Faulk.
16:02 of 2nd period - Deflect By Jared Spurgeon.
16:02 of 2nd period - Stopped by Kaapo Kahkonen without a rebound.
16:03 of 2nd period - Yanni Gourde wins face-off versus Claude Giroux in Arizona Coyotes zone.
16:32 of 2nd period - Off-side.
16:33 of 2nd period - Yanni Gourde wins face-off versus Claude Giroux in neutral zone.
17:00 of 2nd period - David Krejci is hit by Tyler Johnson and loses puck.
17:31 of 2nd period - Ben Chiarot is hit by Radko Gudas and loses puck.
18:04 of 2nd period - Slapshot by Yanni Gourde.
18:04 of 2nd period - Shot Misses the Net.
18:13 of 2nd period - Minor Penalty to Charlie Coyle for Interference.
18:14 of 2nd period - Claude Giroux wins face-off versus Elias Lindholm in Arizona Coyotes zone.
18:47 of 2nd period - Dmitry Orlov is hit by Matt Boldy and loses puck.
19:56 of 2nd period - Brayden McNabb is hit by Alexander Edler and loses puck.
Goals for this period are 0 for Arizona Coyotes vs 1 for Philadelphia Flyers.
Shots for this period are 5 for Arizona Coyotes vs 7 for Philadelphia Flyers.
3rd period
0:01 of 3rd period - Elias Lindholm wins face-off versus Claude Giroux in neutral zone.
0:13 of 3rd period - Penalty to Charlie Coyle is over, Charlie Coyle is back on ice.
0:59 of 3rd period - Slapshot by James van Riemsdyk.
0:59 of 3rd period - Shot Blocked by Evgenii Dadonov.
1:30 of 3rd period - Snap shot by Tyler Bertuzzi.
1:30 of 3rd period - Stopped by Kaapo Kahkonen without a rebound.
1:31 of 3rd period - Claude Giroux wins face-off versus Elias Lindholm in Arizona Coyotes zone.
2:03 of 3rd period - Matt Roy is hit by Tyler Seguin and loses puck.
2:22 of 3rd period - Slapshot by Matt Roy.
2:22 of 3rd period - Shot Misses the Net.
2:32 of 3rd period - Snap shot by Riley Sheahan.
2:32 of 3rd period - Stopped by Kaapo Kahkonen without a rebound.
2:33 of 3rd period - Elias Lindholm wins face-off versus Claude Giroux in Arizona Coyotes zone.
2:48 of 3rd period - Off-side.
2:49 of 3rd period - Yanni Gourde wins face-off versus David Krejci in neutral zone.
2:51 of 3rd period - Off-side.
2:52 of 3rd period - Tyler Seguin wins face-off versus Yanni Gourde in neutral zone.
3:17 of 3rd period - Snap shot by Marcus Johansson.
3:17 of 3rd period - Stopped by Kaapo Kahkonen with a rebound.
3:19 of 3rd period - Wrist shot by Riley Sheahan.
3:19 of 3rd period - Shot Misses the Net.
3:21 of 3rd period - Snap shot by Justin Faulk.
3:21 of 3rd period - Shot Misses the Net.
3:30 of 3rd period - Off-side.
3:31 of 3rd period - Claude Giroux wins face-off versus Yanni Gourde in neutral zone.
3:38 of 3rd period - Snap shot by Mats Zuccarello.
3:38 of 3rd period - Stopped by Linus Ullmark without a rebound.
3:39 of 3rd period - Yanni Gourde wins face-off versus Claude Giroux in Philadelphia Flyers zone.
3:45 of 3rd period - Off-side.
3:46 of 3rd period - Yanni Gourde wins face-off versus Claude Giroux in neutral zone.
4:01 of 3rd period - Snap shot by Mats Zuccarello.
4:01 of 3rd period - Stopped by Linus Ullmark without a rebound.
4:02 of 3rd period - Elias Lindholm wins face-off versus David Krejci in Philadelphia Flyers zone.
5:19 of 3rd period - Wrist shot by Brandon Tanev.
5:19 of 3rd period - Shot Blocked by Justin Faulk.
5:44 of 3rd period - Matt Boldy is hit by Mathew Dumba and loses puck.
5:59 of 3rd period - Snap shot by Tyler Seguin.
5:59 of 3rd period - Deflect By David Krejci.
5:59 of 3rd period - Shot Misses the Net.
5:59 of 3rd period - Puck is out of play.
6:00 of 3rd period - David Krejci wins face-off versus Elias Lindholm in Philadelphia Flyers zone.
6:29 of 3rd period - Slapshot by James van Riemsdyk.
6:29 of 3rd period - Stopped by Linus Ullmark without a rebound.
6:30 of 3rd period - Calle Jarnkrok wins face-off versus Erik Haula in Philadelphia Flyers zone.
6:30 of 3rd period - Calle Jarnkrok is hit by Brayden McNabb.
6:52 of 3rd period - Wrist shot by James van Riemsdyk.
6:52 of 3rd period - Goal by James van Riemsdyk - Arizona Coyotes : 1 - Philadelphia Flyers : 2.
6:53 of 3rd period - Claude Giroux wins face-off versus Yanni Gourde in neutral zone.
7:06 of 3rd period - Snap shot by Claude Giroux.
7:06 of 3rd period - Shot Misses the Net.
7:08 of 3rd period - Slapshot by Claude Giroux.
7:08 of 3rd period - Shot Misses the Net.
7:10 of 3rd period - Snap shot by Charlie Coyle.
7:10 of 3rd period - Shot Blocked by Justin Faulk.
7:20 of 3rd period - Ondrej Palat is hit by Ben Chiarot and loses puck.
8:07 of 3rd period - Mats Zuccarello is hit by Ben Chiarot and loses puck.
8:44 of 3rd period - Minor Penalty to Oliver Ekman-Larsson for Holding.
8:45 of 3rd period - Claude Giroux wins face-off versus Yanni Gourde in Philadelphia Flyers zone.
9:24 of 3rd period - Slapshot by Elias Lindholm.
9:24 of 3rd period - Shot Misses the Net.
10:21 of 3rd period - Snap shot by Marcus Johansson.
10:21 of 3rd period - Shot Blocked by Charlie Coyle.
10:44 of 3rd period - Penalty to Oliver Ekman-Larsson is over, Oliver Ekman-Larsson is back on ice.
11:06 of 3rd period - Mathew Dumba is hit by Matt Roy and loses puck.
11:26 of 3rd period - Ross Colton is hit by Tyler Bertuzzi and loses puck.
11:45 of 3rd period - Brandon Tanev is hit by Matt Roy and loses puck.
11:58 of 3rd period - Evan Rodrigues is hit by Charlie Coyle and loses puck.
12:29 of 3rd period - Snap shot by Claude Giroux.
12:29 of 3rd period - Shot Misses the Net.
12:41 of 3rd period - Snap shot by David Krejci.
12:41 of 3rd period - Shot Blocked by Calvin de Haan.
13:09 of 3rd period - Brandon Tanev is hit by Oliver Ekman-Larsson and loses puck.
13:26 of 3rd period - Tyler Seguin is hit by Elias Lindholm and loses puck.
13:33 of 3rd period - Alexander Barabanov is hit by David Krejci and loses puck.
13:46 of 3rd period - Riley Sheahan is hit by David Krejci and loses puck.
13:58 of 3rd period - Calvin de Haan is hit by Brayden McNabb and loses puck.
14:09 of 3rd period - Dmitry Orlov is hit by Alexander Edler and loses puck.
14:18 of 3rd period - Slapshot by Calle Jarnkrok.
14:18 of 3rd period - Stopped by Kaapo Kahkonen without a rebound.
14:19 of 3rd period - David Krejci wins face-off versus Yanni Gourde in Arizona Coyotes zone.
15:07 of 3rd period - Wrist shot by Brandon Tanev.
15:07 of 3rd period - Shot Blocked by Tyler Johnson.
15:55 of 3rd period - Snap shot by Claude Giroux.
15:55 of 3rd period - Shot Misses the Net.
16:37 of 3rd period - Slapshot by Ilya Mikheyev.
16:37 of 3rd period - Shot Misses the Net.
16:39 of 3rd period - Snap shot by Ilya Mikheyev.
16:39 of 3rd period - Stopped by Linus Ullmark without a rebound.
16:40 of 3rd period - Tyler Johnson wins face-off versus Erik Haula in Philadelphia Flyers zone.
16:40 of 3rd period - Tyler Johnson is hit by Dmitry Orlov.
17:14 of 3rd period - Snap shot by James van Riemsdyk.
17:14 of 3rd period - Deflect By Ilya Mikheyev.
17:14 of 3rd period - Stopped by Linus Ullmark without a rebound.
17:15 of 3rd period - Claude Giroux wins face-off versus Calle Jarnkrok in Philadelphia Flyers zone.
17:24 of 3rd period - Slapshot by Alexander Edler.
17:24 of 3rd period - Stopped by Kaapo Kahkonen with a rebound.
17:26 of 3rd period - Wrist shot by Evan Rodrigues.
17:26 of 3rd period - Stopped by Kaapo Kahkonen without a rebound.
17:27 of 3rd period - Tyler Johnson wins face-off versus Claude Giroux in Arizona Coyotes zone.
17:42 of 3rd period - Wrist shot by Marcus Johansson.
17:42 of 3rd period - Stopped by Kaapo Kahkonen with a rebound.
18:33 of 3rd period - Wrist shot by Carter Verhaeghe.
18:33 of 3rd period - Stopped by Kaapo Kahkonen with a rebound.
18:37 of 3rd period - Snap shot by Yanni Gourde.
18:37 of 3rd period - Stopped by Kaapo Kahkonen without a rebound.
18:38 of 3rd period - Riley Sheahan wins face-off versus Erik Haula in Arizona Coyotes zone.
18:41 of 3rd period - Snap shot by Tyler Johnson.
18:41 of 3rd period - Stopped by Kaapo Kahkonen with a rebound.
18:49 of 3rd period - Snap shot by Marcus Johansson.
18:49 of 3rd period - Shot Misses the Net.
19:07 of 3rd period - Arizona Coyotes, Kaapo Kahkonen is pulled from the net.
19:11 of 3rd period - Snap shot by Mats Zuccarello.
19:11 of 3rd period - Stopped by Linus Ullmark with a rebound.
19:13 of 3rd period - Slapshot by Claude Giroux.
19:13 of 3rd period - Shot Misses the Net.
19:15 of 3rd period - Snap shot by Brayden McNabb.
19:15 of 3rd period - Shot Misses the Net.
19:17 of 3rd period - Slapshot by Jani Hakanpaa.
19:17 of 3rd period - Stopped by Linus Ullmark with a rebound.
19:19 of 3rd period - Slapshot by Brayden McNabb.
19:19 of 3rd period - Shot Misses the Net.
19:21 of 3rd period - Slapshot by Claude Giroux.
19:21 of 3rd period - Shot Misses the Net.
19:23 of 3rd period - Snap shot by Charlie Coyle.
19:23 of 3rd period - Stopped by Linus Ullmark with a rebound.
19:25 of 3rd period - Wrist shot by Mats Zuccarello.
19:25 of 3rd period - Stopped by Linus Ullmark without a rebound.
19:26 of 3rd period - Rob Brind'Amour call a timeout for Arizona Coyotes.
19:26 of 3rd period - Claude Giroux wins face-off versus Elias Lindholm in Philadelphia Flyers zone.
19:27 of 3rd period - Slapshot by Mats Zuccarello.
19:27 of 3rd period - Stopped by Linus Ullmark without a rebound.
19:28 of 3rd period - Elias Lindholm wins face-off versus Claude Giroux in Philadelphia Flyers zone.
19:34 of 3rd period - Off-side.
19:35 of 3rd period - Claude Giroux wins face-off versus Elias Lindholm in neutral zone.
19:40 of 3rd period - Snap shot by Claude Giroux.
19:40 of 3rd period - Shot Misses the Net.
Goals for this period are 1 for Arizona Coyotes vs 0 for Philadelphia Flyers.
Shots for this period are 11 for Arizona Coyotes vs 10 for Philadelphia Flyers.
Back to the Top